 Dungeon Crawl Stone Soup version 0.16-a0-2381-gbf6b861 (webtiles) character file.

171 PolkaDot the Caller (level 5, -2/35 HPs)
             Began as a Vampire Summoner on Nov 18, 2014.
             Was an Initiate of Sif Muna.
             Slain by an orc wizard
             ... wielding a +0 dagger
              (6 damage)
             ... on level 4 of the Dungeon.
             The game lasted 00:10:14 (3142 turns).

PolkaDot the Caller (Vampire Summoner)              Turns: 3142, Time: 00:10:14

Health: -2/35      AC:  3    Str: 12    XL:     5   Next: 26%
Magic:  6/9        EV: 12    Int: 18    God:    Sif Muna [......]
Gold:   98         SH:  0    Dex: 14    Spells: 3 memorised, 3 levels left

rFire  . . .     SeeInvis +     d - +0 spear
rCold  . . .     Clarity  .     a - +0 robe
rNeg   . . .     SustAb   .     (no shield)
rPois  .         Gourm    .     (no helmet)
rElec  .         Spirit   .     h - +0 cloak (curse)
rCorr  .         Warding  .     (no gloves)
rMut   .         Stasis   .     (no boots)
MR     .....                    (no amulet)
Stlth  ++........               (no ring)
                                (no ring)

@: mighty, regenerating quickly, not resistant to hostile enchantments,
unstealthy
A: bottle blood, fangs 3, see invisible, unbreathing
a: Renounce Religion


You were on level 4 of the Dungeon.
You worshipped Sif Muna.
Sif Muna was noncommittal.
You were very full.

You visited 1 branch of the dungeon, and saw 4 of its levels.

You collected 98 gold pieces.

Inventory:

Hand weapons
 d - a +0 spear (weapon)
Missiles
 e - 2 throwing nets (quivered)
Armour
 a - a +0 robe (worn)
 h - a cursed +0 cloak (worn)
Scrolls
 c - 2 scrolls of identify
 f - a scroll of fog {unknown}
 g - a scroll of recharging {unknown}
 i - a scroll of fear {unknown}
 j - a scroll of amnesia {unknown}
 k - a scroll of noise {unknown}
 o - a scroll of remove curse {unknown}
Books
 b - a book of Callings

   Spells                             Type                      Level
   *Summon Small Mammal               Summoning                    1
   *Call Imp                          Summoning                    2
   *Call Canine Familiar              Summoning                    3
   Summon Guardian Golem              Hexes/Summoning              4
   Summon Lightning Spire             Summoning/Air                4
   Summon Ice Beast                   Ice/Summoning                4


   Skills:
 + Level 1.5 Polearms
 - Level 2.1 Dodging
 - Level 3.0 Stealth
 - Level 2.5 Spellcasting
 * Level 5.9 Summonings


You had 3 spell levels left.
You knew the following spells:

 Your Spells              Type           Power        Failure   Level  Hunger
a - Summon Small Mammal   Summ           ###.         1%          1    #......
d - Call Canine Familiar  Summ           ###.....     4%          3    ###....
s - Call Imp              Summ           ###.....     1%          2    ##.....


Dungeon Overview and Level Annotations

Branches:
Dungeon (4/15)
 Temple: D:4-7

Altars:
Ashenzari
Dithmenos
Makhleb
Okawaru
Qazlal
Sif Muna
Yredelemnul


Innate Abilities, Weirdness & Mutations

Your natural rate of healing is unusually fast.
You can bottle blood from corpses.
You have razor-sharp teeth.
You have supernaturally acute eyesight.
You can survive without breathing.


Message History

The orc wizard hits you but does no damage.
Read which item? (? for menu, Esc to quit)
Okay, then.
Casting: Call Canine Familiar
Confirm with . or Enter, or press ? or * to list all spells.
The orc wizard barely misses you. The orc barely misses you.
The orc wizard hits you with a dagger.
* * * LOW HITPOINT WARNING * * *
The orc wizard casts a spell at you.
The orc wizard resists with some effort.
The orc dies!
You puncture the orc wizard!
The orc wizard is heavily wounded.
The orc wizard hits your hound with a dagger.
The orc wizard barely misses you.
You closely miss the orc wizard.
The orc wizard is heavily wounded.
The orc wizard hits your hound with a dagger.
The orc wizard hits you with a dagger.
You die...

. .. .###. ..#. ...
... ...##..##
.........#
..........#.#
....##...$.@#
...###..#ho# ###
##..###...o.##....##
#.......##..)......#
#.#.##....#.........
#.#.#.....#.#)....>
####.........#.##....#
#......##....#.# #####
....###..#####...#


You could see 2 orc wizards and a friendly hound.

Vanquished Creatures
  An orc priest (D:4)
  An orc wizard (D:4)
  2 gnolls
  2 worms
  5 orcs
  10 bats
  4 giant cockroaches
  8 goblins
  9 hobgoblins
  A giant newt (D:2)
  9 kobolds
  A quokka (D:3)
  6 rats
59 creatures vanquished.

Vanquished Creatures (collateral kills)
  Ijyb (D:2)
  A gnoll (D:2)
  An adder (D:4)
  5 orcs
  3 bats
  A giant cockroach (D:1)
  2 goblins (D:1)
  2 hobgoblins
  2 rats
18 creatures vanquished.

Vanquished Creatures (others)
  2 hounds
  A quokka (D:1)
  A bat (D:1)
  2 rats (D:1)
6 creatures vanquished.

Grand Total: 83 creatures vanquished

Notes
Turn   | Place    | Note
--------------------------------------------------------------
     0 | D:1      | PolkaDot, the Vampire Summoner, began the quest for the Orb.
     0 | D:1      | Reached XP level 1. HP: 13/13 MP: 3/3
     1 | D:1      | Found a burning altar of Makhleb.
   294 | D:1      | Reached XP level 2. HP: 1/19 MP: 0/4
   950 | D:1      | Reached XP level 3. HP: 10/24 MP: 1/6
  1030 | D:1      | Learned a level 2 spell: Call Imp
  1034 | D:1      | Learned a level 3 spell: Call Canine Familiar
  1190 | D:2      | Reached skill level 5 in Summonings
  1519 | D:2      | Found a stormy altar of Qazlal.
  1540 | D:2      | Found a basalt altar of Yredelemnul.
  1540 | D:2      | Found a shadowy altar of Dithmenos.
  1540 | D:2      | Found a shattered altar of Ashenzari.
  1541 | D:2      | Found an iron altar of Okawaru.
  1546 | D:2      | Found a deep blue altar of Sif Muna.
  1550 | D:2      | Became a worshipper of Sif Muna the Loreminder
  1932 | D:2      | Noticed Ijyb
  1947 | D:2      | Killed Ijyb
  1947 | D:2      | Reached XP level 4. HP: 16/30 MP: 1/8
  2415 | D:3      | Reached skill level 1 in Polearms
  3133 | D:4      | Reached XP level 5. HP: 22/35 MP: 9/9
  3142 | D:4      | Slain by an orc wizard

Action                   |  1- 3 |  4- 6 || total
-------------------------+-------+-------++-------
Melee: Unarmed           |    23 |       ||    23
       Short sword       |    54 |       ||    54
       Spear             |    78 |   116 ||   194
 Cast: Summon Small Mamm |    16 |       ||    16
       Call Canine Famil |     2 |     5 ||     7
       Call Imp          |     1 |     1 ||     2
  Use: Potion            |     3 |     6 ||     9
       Scroll            |       |     2 ||     2
 Stab: Sleeping          |     6 |     3 ||     9
  Eat: Corpse            |    17 |     5 ||    22
